 Dungeon Crawl Stone Soup version 0.13-a0-2979-gb6a86b3 (webtiles) character file.

922 NoamChomsky the Skirmisher (level 7, -9/61 HPs)
             Began as a Minotaur Fighter on Sept 7, 2013.
             Was an Initiate of Okawaru.
             Killed by divine providence
             ... invoked by an orc priest
              (13 damage)
             ... on Level 5 of the Dungeon.
             The game lasted 00:28:48 (5324 turns).

NoamChomsky the Skirmisher (Minotaur Fighter)       Turns: 5324, Time: 00:28:48

HP  -9/61        AC 12     Str 23      XL: 7   Next: 53%
MP  11/11        EV  6     Int  5      God: Okawaru [......]
Gold 150         SH 21     Dex  9      Spells:  0 memorised,  6 levels left

Res.Fire  : + . .   See Invis. : .   a - +0 falchion
Res.Cold  : + . .   Warding    : .   p - +1 chain mail
Life Prot.: . . .   Conserve   : .   c - +1 shield
Res.Poison: +       Res.Corr.  : .   (helmet restricted)
Res.Elec. : +       Clarity    : .   (no cloak)
Sust.Abil.: . .     Spirit.Shd : .   (no gloves)
Res.Mut.  : +       Stasis     : .   i - +0 pair of elf boots
Res.Rott. : .       Flight     : .   e - amulet of resist mutation {unknown}
Saprovore : . . .                    u - ring of magical power
                                     (no ring)

@: slightly resistant to hostile enchantments, extremely unstealthy
A: retaliatory headbutt, horns 2
a: Renounce Religion


You were on level 5 of the Dungeon.
You worshipped Okawaru.
Okawaru was noncommittal.
You were not hungry.

You visited 1 branch of the dungeon, and saw 5 of its levels.

You collected 130 gold pieces.

Inventory:

Hand weapons
 a - a +0,+0 falchion (weapon)
Armour
 c - a +1 shield (worn)
 i - a +0 pair of elven boots (worn)
 p - a +1 chain mail (worn)
Comestibles
 d - 2 bread rations
 g - a lychee
 h - a pear
 x - a choko
Scrolls
 t - 4 scrolls of remove curse
 w - 2 scrolls of identify
Jewellery
 e - an amulet of resist mutation (around neck) {unknown}
 u - a ring of magical power (right hand)


   Skills:
 + Level 6.3 Fighting
 + Level 5.7 Long Blades
 + Level 6.2 Armour
 + Level 5.9 Shields


You had 6 spell levels left.
You didn't know any spells.

Dungeon Overview and Level Annotations

Branches:
Dungeon (5/27)
 Temple: D:4-7

Altars:
Elyvilon
Kikubaaqudgha
Okawaru


Innate Abilities, Weirdness & Mutations

You reflexively headbutt those who attack you in melee.
You have a pair of horns on your head.


Message History

The orc priest mumbles some strange prayers to Beogh against you.
Pain shoots through your body!
* * * LOW HITPOINT WARNING * * *
You hit the orc priest but do no damage.
You headbutt the orc priest.
The orc priest is moderately wounded.
The orc priest looks braver.
You hit the orc priest but do no damage.
You headbutt the orc priest.
The orc priest is heavily wounded.
You block the orc priest's attack.
You hit the orc priest.
The orc priest is severely wounded.
The orc priest hits you with an orcish flail.
* * * LOW HITPOINT WARNING * * *
You hit the orc priest.
The orc priest is severely wounded.
The orc priest calls down the wrath of Beogh upon you.
Something smites you!
You die...

#.....(..# ####### #........####
#...... #........'..# #......
#...(....##.# #......
#........##.####......
#........##....'......
######'#########.....! ###..#
####+## #.o@## *,,* #.### *,* #.#
*,* ##############'########
**##+#**
..........##..........####.....,*
..........##..........#..'...<.>*
......................'.#*,,,,,,
..........##..........###*,,,,,,'
############..........# *,,,,,,*


You could see an orc priest.

Vanquished Creatures
  Eustachio (D:4)
  An ice beast (D:5)
  An ogre (D:4)
  A killer bee (D:5)
  A hound (D:3)
  An iron imp (D:4)
  2 orc wizards
  An orc priest (D:3)
  2 worker ants (D:4)
  8 adders
  6 gnolls
  A lemure (D:4)
  2 shadow imps (D:4)
  A white imp (D:4)
  2 green rats (D:4)
  A worm (D:2)
  An ufetubus (D:4)
  2 giant geckos
  15 orcs
  3 ball pythons
  5 giant cockroaches
  2 grey rats (D:4)
  12 hobgoblins
  11 kobolds
  7 quokkas
  14 bats
  9 goblins
  A goblin skeleton (D:4)
  2 jackals (D:2)
  A kobold skeleton (D:4)
  4 rats
  A rat skeleton (D:4)
122 creatures vanquished.

Vanquished Creatures (others)
  A kobold (D:5)
1 creature vanquished.

Grand Total: 123 creatures vanquished

Notes
Turn   | Place    | Note
--------------------------------------------------------------
     0 | D:1      | NoamChomsky, the Minotaur Fighter, began the quest for the Orb.
     0 | D:1      | Reached XP level 1. HP: 19/19 MP: 0/0
   404 | D:1      | Reached skill level 4 in Armour
   466 | D:1      | Reached XP level 2. HP: 26/26 MP: 0/0
  1462 | D:2      | Reached XP level 3. HP: 30/33 MP: 1/1
  1645 | D:2      | Reached XP level 4. HP: 40/40 MP: 1/1
  2485 | D:3      | Reached XP level 5. HP: 36/46 MP: 1/1
  2619 | D:3      | Reached skill level 5 in Fighting
  2913 | D:3      | Reached skill level 5 in Armour
  3515 | D:4      | Noticed Eustachio
  3547 | D:4      | Reached XP level 6. HP: 43/53 MP: 2/2
  3688 | D:4      | Killed Eustachio
  3688 | D:4      | Reached skill level 5 in Shields
  3955 | D:4      | Noticed an ogre
  3968 | D:4      | Killed an ogre
  3968 | D:4      | Reached skill level 5 in Long Blades
  4123 | D:4      | Reached XP level 7. HP: 61/61 MP: 2/2
  4143 | D:4      | Found an iron altar of Okawaru.
  4191 | D:4      | Became a worshipper of Warmaster Okawaru
  4388 | D:4      | Found an ancient bone altar of Kikubaaqudgha.
  4388 | D:4      | Found a white marble altar of Elyvilon.
  4714 | D:5      | Entered Level 5 of the Dungeon
  4752 | D:5      | Reached skill level 6 in Fighting
  5324 | D:5      | Killed from afar by an orc priest

Action                   |  1- 3 |  4- 6 |  7- 9 || total
-------------------------+-------+-------+-------++-------
Melee: Falchion          |    86 |   264 |    80 ||   430
       Unarmed           |       |    18 |       ||    18
  Use: Scroll            |       |    10 |     2 ||    12
       Potion            |       |     6 |     4 ||    10
